 Dungeon Crawl Stone Soup version 0.30-a0-1160-g6e42c06551 (webtiles) character file.

Game seed: 466647970413230350

50673 Morbidden the Destroyer (level 14, -9/105 HPs)
             Began as a Barachi Conjurer on Apr 27, 2023.
             Was the Champion of Cheibriados.
             Shot with an arrow by a centaur warrior (11 damage)
             ... on level 13 of the Dungeon.
             The game lasted 00:41:02 (25198 turns).

Morbidden the Destroyer (Barachi Conjurer)         Turns: 25198, Time: 00:41:03

Health: -9/105     AC: 16    Str: 24    XL:     14   Next: 56%
Magic:  45/45      EV: 13    Int: 38    God:    Cheibriados [******]
Gold:   2341       SH: 14    Dex: 28    Spells: 15/32 levels left

rFire   + + +        a - +8 war axe "Toluryog" {flame, rF+ rC+ Dex+2}
rCold   + + .        N - +2 buckler {reflect}
rNeg    . . .        x - +0 plate armour {rF+}
rPois   .            H - +1 hat {SInv}
rElec   .            d - scarf {rC+ rF+}
rCorr   .            (no gloves)
SInv    +            c - +0 pair of boots
Will    +....        r - amulet of reflection Stlth
                     T - ring of magical power
HPRegen 0.37/turn    M - ring of magical power
MPRegen 0.29/turn

%: reflection
@: studying Ice Magic, very slow
A: amphibious, slowness 1, strong legs 2, +LOS
a: Hop, Renounce Religion, Bend Time, Temporal Distortion, Slouch, Step From
Time


You were on level 13 of the Dungeon.
You worshipped Cheibriados.
Cheibriados was exalted by your worship.
You visited 3 branches of the dungeon, and saw 19 of its levels.
You also visited: Ice Cave.

You collected 2621 gold pieces.
You spent 280 gold pieces at shops.

Inventory:

Hand Weapons
 a - the +8 war axe "Toluryog" (weapon) {flame, rF+ rC+ Dex+2}
   (You found it on level 12 of the Dungeon)

   Dex:       It affects your dexterity (+2).
   rF:        It protects you from fire.
   rC:        It protects you from cold.
 b - a +2 dagger of venom
 y - the +7 morningstar of Cheibriados's Respect {freeze, Fly rF+++ Int-2}
   (You found it on level 10 of the Dungeon)

   Int:       It affects your intelligence (-2).
   rF:        It renders you almost immune to fire.
   Fly:       It grants you flight.
 B - a +3 scimitar of flaming
Missiles
 p - 6 atropa-tipped darts (quivered)
 Q - 49 poisoned darts
Armour
 c - a +0 pair of boots (worn)
 d - a scarf of resistance (worn)
 x - a +0 plate armour of fire resistance (worn)
 C - a +0 helmet
 H - a +1 hat of see invisible (worn)
 N - a +2 buckler of reflection (worn)
 O - a +0 plate armour of cold resistance
Jewellery
 n - a ring of ice
 r - an amulet of reflection (around neck)
 L - a +4 ring of protection
 M - a ring of magical power (right hand)
 T - a ring of magical power (left hand)
 X - a ring of poison resistance
 Z - a +6 ring of intelligence
Wands
 h - a wand of flame (6)
 s - a wand of paralysis (15)
 E - a wand of polymorph (19)
 I - a wand of iceblast (22)
 R - a wand of light (1)
 Y - a wand of mindburst (9)
Scrolls
 f - 15 scrolls of teleportation
 g - 6 scrolls of enchant armour
 i - 5 scrolls of enchant weapon
 k - 2 scrolls of magic mapping
 q - 6 scrolls of blinking
 t - 5 scrolls of identify
 A - 2 scrolls of immolation
 D - 2 scrolls of poison
 K - 4 scrolls of fear
 S - 2 scrolls of silence
Potions
 e - 2 potions of magic
 j - 3 potions of cancellation {unknown}
 l - 6 potions of might
 o - 4 potions of berserk rage {unknown}
 u - 6 potions of ambrosia
 w - a potion of resistance
 F - 7 potions of brilliance
 G - 3 potions of invisibility
 J - 6 potions of curing
 P - 4 potions of mutation
 V - 3 potions of flight
 W - 5 potions of lignification
Miscellaneous
 v - a phantom mirror
 z - a lightning rod (inert)


   Skills:
 * Level 8.0 Fighting
 + Level 2.6(5.6) Short Blades
 + Level 8.5(8.8) Long Blades
 * Level 1.4(1.5) Axes
 + Level 0.5(1.1) Maces & Flails
 + Level 2.5 Ranged Weapons
 + Level 2.0 Throwing
 * Level 9.9 Armour
 * Level 8.1 Dodging
 + Level 2.8 Stealth
 * Level 5.7 Shields
 + Level 0.2 Unarmed Combat
 * Level 9.7 Spellcasting
 * Level 11.1 Conjurations
 * Level 6.3 Necromancy
 * Level 6.6 Translocations
 * Level 2.5 Fire Magic
 * Level 5.5 Earth Magic
 * Level 6.2 Invocations
 * Level 5.4 Evocations


You had 15 spell levels left.
You knew the following spells:

 Your Spells              Type           Power      Damage    Failure   Level
a - Stone Arrow           Conj/Erth      100%       3d13      2%          3
b - Searing Ray           Conj           100%       2d8       1%          2
c - Flame Wave            Conj/Fire      63%        2d15      17%         4
d - Magic Dart            Conj           100%       1d8       1%          1
x - Vampiric Draining     Necr           60%        2d10      6%          3
z - Iskenderun's Mystic   Conj/Tloc      72%        2d15      8%          4

Your spell library contained the following spells:

 Spells                   Type           Power      Damage    Failure   Level
 Apportation              Tloc           100%       N/A       1%          1
 Necrotise                Necr           100%       1d9       2%          1
 Dazzling Flash           Conj/Hex       100%       N/A       9%          3
 Passwall                 Tmut/Erth      32%        N/A       14%         2
 Scorch                   Fire           74%        2d8       16%         2
 Summon Small Mammal      Summ           72%        N/A       28%         1
 Fulminant Prism          Conj/Hex       28%        3d13      28%         4
 Ensorcelled Hibernation  Hex/Ice        36%        N/A       38%         2
 Agony                    Necr           60%        N/A       52%         5
 Borgnjor's Vile Clutch   Necr/Erth      29%        N/A       56%         5
 Anguish                  Hex/Necr       21%        N/A       61%         4
 Call Canine Familiar     Summ           18%        N/A       63%         3
 Summon Guardian Golem    Hex/Summ       18%        N/A       63%         3
 Swiftness                Air            18%        N/A       63%         3
 Animate Armour           Summ/Erth      78%        N/A       65%         4
 Alistair's Intoxication  Tmut/Pois      12%        N/A       100%        5
 Eringya's Noxious Bog    Tmut/Pois      9%         N/A       100%        6
 Summon Cactus Giant      Summ           9%         N/A       100%        6
 Enfeeble                 Hex            9%         N/A       100%        7
 Lehudib's Crystal Spear  Conj/Erth      34%        10d9      100%        8


Dungeon Overview and Level Annotations

Branches:
Dungeon (13/15)            Temple (1/1) D:4            Lair (5/5) D:11
  Swamp (0/4) Lair:3       Spider (0/4) Lair:2        Slime (0/5) Lair:4
    Orc (0/2) D:10          IceCv (visited)
 Vaults: D:13-14

Altars:
Ashenzari
Cheibriados
Dithmenos
Elyvilon
Gozag
Hepliaklqana
Kikubaaqudgha
Makhleb
Nemelex Xobeh
Okawaru
Qazlal
Ru
Sif Muna
Trog
Uskayaw
Zin
Jiyva

Shops:
D:6 =

Portals:
Trove: D:10 (give +2 gold dragon scales)

Annotations:
D:13 2 transporters, exclusion: orange crystal statue, topfpfpflanze's ghost, novice OpEE


Innate Abilities, Weirdness & Mutations

You are amphibious.
You cover ground slowly.
You can hop long distances.
You have an extended range of vision and can be seen from far away.


Message History

Confirm with . or Enter, or press ? or * to list all spells.
You can't see any susceptible monsters within range! (Use Z to cast anyway.) Key pressed, stopping explore.
Magic restored.
The boulder beetle is engulfed in blazing flames.
There is a transporter here.
The boulder beetle is engulfed in blazing flames.
The orange crystal statue glitters topaz in the dim dungeon light.
The boulder beetle is engulfed in blazing flames.
The boulder beetle is engulfed in blazing flames.
The golden eye is engulfed in blazing flames.
The golden eye dies!
Found a transporter.
You now have 2341 gold pieces (gained 10).
V - 3 potions of flight (gained 1)
Found a quarterstaff.
Unknown command.
A centaur warrior comes into view.
The centaur warrior shouts!
The centaur warrior wields a +0 longbow.
The centaur warrior shoots an arrow.
The arrow hits you!
The centaur warrior shoots an arrow.
The arrow hits you!
The centaur warrior shoots an arrow.
The arrow hits you!
A centaur warrior is nearby!
A centaur warrior is nearby!
Unknown command.
The centaur warrior shoots an arrow.
The arrow hits you!
The centaur warrior shoots an arrow.
The arrow hits you but does no damage.
The centaur warrior shoots an arrow.
The arrow hits you!!
* * * LOW HITPOINT WARNING * * *
The centaur warrior shoots an arrow.
The arrow hits you!!
* * * LOW HITPOINT WARNING * * *
You are too injured to fight recklessly!
Unknown command.
Unknown command.
As you read the scroll of fear, it crumbles to dust.
You assume a fearsome visage.
The centaur warrior resists with some effort.
The centaur warrior shoots an arrow.
The arrow hits you!
You die...

# ##.## #.#.. #...#
####...####
#.........######.#####
#............@......c.
#........)#######.####
#.##...#### #...#
#...# ##.##
#.#########
#.........#
#########.#


You could see a centaur warrior.

Vanquished Creatures
  Azrael (D:13)
  3 hydras
  3 centaur warriors
  3 two-headed ogres
  3 death yaks (Lair:4)
  A sixfirhy (D:9)
  Amaemon (Lair:3)
  A deep elf pyromancer (D:12)
  A manticore (D:7)
  A cyclops (D:8)
  2 ugly things (IceCv)
  5 elephants
  5 black mambas
  3 ice statues (IceCv)
  A gargoyle (D:12)
  A torpor snail (Lair:4)
  3 orange demons
  10 cane toads
  An unseen horror (D:11)
  2 rime drakes
  2 ice devils (D:9)
  4 komodo dragons
  5 polar bears
  A red devil (D:9)
  5 trolls
  5 hornets (Lair:5)
  A hellwing (D:9)
  10 blink frogs
  11 dream sheep
  11 spriggans (Lair:5)
  4 wraiths
  A ynoxinul (D:9)
  A shadow (D:11)
  4 wyverns
  24 yaks
  Eustachio (D:5)
  3 fire elementals (D:13)
  6 basilisks
  3 steam dragons
  2 death yak simulacra
  Edmund (D:6)
  9 vampire mosquitoes
  2 acid dragons
  10 water moccasins
  3 hydra simulacra (IceCv)
  5 hell hounds (D:13)
  10 orc warriors
  4 sky beasts
  8 black bears
  An ogre (D:7)
  4 boggarts (Lair:5)
  8 centaurs
  31 wolves
  5 kobold brigands
  11 bullfrogs
  A gnoll sergeant (D:7)
  2 scorpions
  10 wights
  An elephant simulacrum (IceCv)
  15 killer bees
  A howler monkey (D:12)
  2 quasits (D:9)
  A hound (D:4)
  2 gnoll boudas (D:7)
  A sleepcap (D:7)
  14 orc priests
  6 iguanas
  Ijyb (D:5)
  Terence (D:3)
  7 hell rats (Lair:5)
  16 orc wizards
  2 wolf simulacra
  2 polar bear simulacra (IceCv)
  Robin (D:4)
  6 adders
  9 gnolls
  2 white imps (D:7)
  2 worms (D:2)
  68 orcs
  A bat zombie (D:7)
  14 endoplasms
  3 giant cockroaches
  18 goblins
  10 hobgoblins
  3 jackals (D:2)
  3 quokkas
  4 ball pythons
  5 bats
  4 frilled lizards
  14 kobolds
  4 rats
  A rat zombie (D:7)
524 creatures vanquished.

Vanquished Creatures (others)
  A golden eye (shapeshifter) (D:13)
  2 demonic plants (D:9)
  28 fungi
  39 plants
70 creatures vanquished.

Grand Total: 594 creatures vanquished

Notes
Turn   | Place    | Note
-------+----------+-------------------------------------------
     0 | D:1      | Morbidden the Barachi Conjurer began the quest for the Orb.
     0 | D:1      | Reached XP level 1. HP: 13/13 MP: 3/3
   160 | D:1      | Reached XP level 2. HP: 19/19 MP: 1/5
   534 | D:1      | Learned a level 2 spell: Searing Ray
   633 | D:1      | Reached XP level 3. HP: 25/25 MP: 3/6
   683 | D:1      | Reached skill level 5 in Conjurations
  1770 | D:2      | Reached skill level 1 in Armour
  1966 | D:2      | Reached XP level 4. HP: 31/31 MP: 1/7
  1970 | D:2      | Learned a level 3 spell: Vampiric Draining
  2631 | D:3      | Noticed Terence
  2644 | D:3      | Killed Terence
  2647 | D:3      | HP: 1/31 [poisoned by a kobold]
  3520 | D:4      | Reached XP level 5. HP: 36/36 MP: 2/9
  3653 | D:4      | Found a staircase to the Ecumenical Temple.
  3654 | D:4      | Noticed Robin
  3748 | D:4      | Reached skill level 1 in Fighting
  3748 | D:4      | Reached XP level 6. HP: 43/43 MP: 4/10
  3811 | Temple   | Entered the Ecumenical Temple
  3869 | Temple   | Became a worshipper of Cheibriados the Contemplative
  4207 | D:4      | Reached skill level 1 in Necromancy
  4212 | D:4      | Learned a level 4 spell: Iskenderun's Mystic Blast
  4254 | D:4      | Found a stormy altar of Qazlal.
  4393 | D:4      | Killed Robin
  4393 | D:4      | Reached * piety under Cheibriados
  4541 | D:5      | Entered Level 5 of the Dungeon
  4546 | D:5      | Noticed a black bear
  4553 | D:5      | Killed a black bear
  4554 | D:5      | Reached skill level 6 in Conjurations
  4554 | D:5      | Reached XP level 7. HP: 45/48 MP: 2/12
  4558 | D:5      | Reached skill level 1 in Invocations
  4649 | D:5      | Noticed Eustachio
  4667 | D:5      | Killed Eustachio
  4668 | D:5      | Reached skill level 1 in Short Blades
  4783 | D:5      | Noticed Ijyb
  4796 | D:5      | Killed Ijyb
  5050 | D:5      | Reached skill level 1 in Translocations
  5050 | D:5      | Reached XP level 8. HP: 39/56 MP: 1/13
  6032 | D:6      | Found Huoxeom's Jewellery Shop.
  6068 | D:6      | Reached ** piety under Cheibriados
  6070 | D:6      | Bought a ring of magical power for 280 gold pieces
  6198 | D:6      | Reached skill level 1 in Ranged Weapons
  6314 | D:6      | Noticed Edmund
  6329 | D:6      | Killed Edmund
  6330 | D:6      | Reached skill level 1 in Shields
  6542 | D:6      | Found a bloodstained altar of Trog.
  6542 | D:6      | Found a hazy altar of Hepliaklqana.
  6624 | D:6      | Learned a level 3 spell: Stone Arrow
  6729 | D:7      | Reached XP level 9. HP: 59/62 MP: 14/15
  6736 | D:7      | Reached skill level 5 in Armour
  7263 | D:7      | Reached skill level 1 in Throwing
  7424 | D:7      | Reached skill level 5 in Spellcasting
  7424 | D:7      | Reached *** piety under Cheibriados
  7425 | D:7      | Reached skill level 7 in Conjurations
  7675 | D:7      | Noticed a manticore
  7690 | D:7      | Killed a manticore
  7691 | D:7      | Reached skill level 5 in Dodging
  8232 | D:7      | Found an ancient bone altar of Kikubaaqudgha.
  8271 | D:7      | Reached skill level 5 in Long Blades
  8271 | D:7      | Reached XP level 10. HP: 71/71 MP: 18/18
  8554 | D:8      | Noticed a cyclops
  8817 | D:8      | Killed a cyclops
  9131 | D:8      | Reached skill level 8 in Conjurations
  9602 | D:8      | Reached **** piety under Cheibriados
 10100 | D:9      | Noticed an orange demon
 10106 | D:9      | Killed an orange demon
 10606 | D:9      | Reached skill level 1 in Evocations
 10862 | D:9      | Noticed an orange demon
 10871 | D:9      | Reached skill level 1 in Earth Magic
 10875 | D:9      | Killed an orange demon
 10886 | D:9      | Reached XP level 11. HP: 39/78 MP: 3/21
 11379 | D:9      | Reached skill level 5 in Fighting
 11750 | D:9      | Noticed a sixfirhy
 11754 | D:9      | Killed a sixfirhy
 11874 | D:9      | Reached ***** piety under Cheibriados
 12260 | D:10     | Entered Level 10 of the Dungeon
 12323 | D:10     | Found a staircase to the Orcish Mines.
 12902 | D:10     | Found a portal to a secret trove of treasure.
 13019 | D:10     | Identified the +7 morningstar of Cheibriados's Respect
                  | {freeze, Fly rF+++ Int-2}
 13031 | D:10     | Reached skill level 9 in Conjurations
 13150 | D:10     | Identified the +6 hand axe "Xaxu" {drain, rN+}
 13582 | D:11     | Noticed a two-headed ogre
 13587 | D:11     | Killed a two-headed ogre
 13697 | D:11     | Reached ****** piety under Cheibriados
 13861 | D:11     | Found a staircase to the Lair.
 14000 | D:11     | Noticed a two-headed ogre
 14004 | D:11     | Killed a two-headed ogre
 14103 | D:11     | Reached XP level 12. HP: 77/88 MP: 23/23
 14216 | Lair:1   | Entered Level 1 of the Lair of Beasts
 14879 | Lair:1   | Reached skill level 5 in Translocations
 14886 | Lair:1   | Reached skill level 5 in Necromancy
 15697 | Lair:2   | Reached skill level 5 in Invocations
 15716 | Lair:2   | Found a frozen archway.
 15761 | IceCv    | Entered an ice cave
 17829 | Lair:2   | Noticed a seven-headed hydra
 17841 | Lair:2   | Killed a four-headed hydra
 18095 | Lair:2   | Found a hole to the Spider Nest.
 18191 | Lair:2   | Gained mutation: You can hop long distances. [Barachi
                  | growth]
 18191 | Lair:2   | Reached XP level 13. HP: 51/95 MP: 9/25
 18500 | Lair:2   | Reached skill level 10 in Conjurations
 18919 | Lair:3   | Noticed Amaemon
 18927 | Lair:3   | Killed Amaemon
 19986 | Lair:3   | Found a staircase to the Swamp.
 20630 | Lair:4   | Learned a level 4 spell: Flame Wave
 20809 | Lair:4   | You fall into a shaft and drop 1 floor!
 20809 | Lair:5   | Entered Level 5 of the Lair of Beasts
 20866 | Lair:4   | Found a viscous altar of Jiyva.
 20866 | Lair:4   | Found a staircase to the Slime Pits.
 22116 | Lair:5   | Reached skill level 5 in Earth Magic
 22236 | Lair:5   | Reached skill level 1 in Fire Magic
 22251 | Lair:5   | Reached skill level 5 in Evocations
 22251 | Lair:5   | Reached XP level 14. HP: 73/104 MP: 9/27
 22627 | Lair:5   | Reached skill level 5 in Shields
 23720 | D:12     | Identified the +8 war axe "Toluryog" {flame, rF+ rC+ Dex+2}
 24035 | D:12     | Reached skill level 1 in Axes
 24140 | D:12     | Reached skill level 11 in Conjurations
 24686 | D:12     | Identified a scroll of acquirement
 24687 | D:12     | Acquired 776 gold pieces
 24867 | D:13     | Noticed Azrael
 24880 | D:13     | Killed Azrael
 25096 | D:13     | Noticed topfpfpflanze's ghost (novice OpEE)
 25096 | D:13     | Noticed a stone giant
 25107 | D:13     | Found a transporter.
 25157 | D:13     | Found a transporter.
 25197 | D:13     | HP: 2/105 [centaur warrior/arrow (22)]
 25198 | D:13     | Shot with an arrow by a centaur warrior

Illustrated notes

Levels and vault maps discovered:
D:1:      dpeg_arrival_pits, layout_basic, minmay_misc_feat_doors,
          serial_bayou_pond_d
D:2:      layout_loops_corners, serial_forest, infiniplex_forest_zigzag_1,
          infiniplex_forest_lined_room_, infiniplex_forest_straight_2,
          infiniplex_forest_clump_tiny, infiniplex_forest_fountain,
          infiniplex_forest_zigzag_1
D:3:      layout_basic, uniq_terence
D:4:      layout_cave_pools, mainiacjoe_overflow_paths,
          minmay_temple_entry_large_hall, uniq_robin
D:5:      layout_loops_ring, chequers_serial_rivers_room_a,
          kennysheep_generic_room_7, uniq_eustachio, uniq_ijyb
D:6:      layout_basic, gammafunk_temple_overflow_statue, serial_shops,
          nicolae_shop_statue_plus, corexii_shack, uniq_edmund
D:7:      layout_loops_ring, lemuel_zombie_altar_kikubaaqudgha,
          chequers_decorated_corner, nzn_random_ring
D:8:      layout_basic, special_room [special_room_orc]
D:9:      layout_cave_pods, serial_demonic, serial_demonic_f, serial_demonic_g,
          serial_demonic_g, serial_demonic_f, serial_demonic_c,
          serial_demonic_e, serial_demonic_f, hangedman_misty_isle
D:10:     layout_rooms, hiddenorc2_lemuel, nicolae_trove_entry_free_sample
D:11:     layout_big_octagon, david_lair_generic
D:12:     layout_stronghold, hangedman_ranch
D:13:     layout_loops_ring, nzn_ghost_randoct, kennysheep_generic_room_12,
          uniq_snorg, uniq_azrael
Temple:   mainiacjoe_temple_bowtie_tessellation
Lair:1:   layout_loops_ring
Lair:2:   layout_cave_pods, spider_nest_entry_web_field,
          portal_ice_cave_entry_ice_simulacra, lemuel_fruit_fields
Lair:3:   layout_regular_city, minmay_swamp_entry_swarm, beast_lair_carwin_7,
          uniq_amaemon
Lair:4:   layout_roguey, slime_entry_1
Lair:5:   minmay_lair_end_enchanted_forest, layout_regular_city

Skill      XL: |  1  2  3  4  5  6  7  8  9 10 11 12 13 14 |
---------------+-------------------------------------------+-----
Conjurations   | 5 6 7 8 9 10 11 | 11.1
Armour         | 1 2 3 4 5 6 7 8 9 |  9.9
Long Blades    | 2 3 4 5 6 7 8 |  8.5
Fighting       | 1 2 3 4 6 7 8 |  8.0
Stealth        | 2 |  2.8
Spellcasting   | 3 4 5 6 7 8 9 |  9.7
Dodging        | 3 4 5 6 7 8 |  8.1
Necromancy     | 1 2 3 4 5 6 |  6.3
Invocations    | 2 3 4 5 6 |  6.2
Short Blades   | 1 2 |  2.6
Translocations | 1 2 3 4 5 6 |  6.6
Ranged Weapons | 1 2 |  2.5
Shields        | 1 2 3 4 5 |  5.7
Throwing       | 1 2 |  2.0
Evocations     | 1 3 5 |  5.4
Earth Magic    | 1 2 4 5 |  5.5
Fire Magic     | 1 2 |  2.5
Axes           | 1 |  1.4
Maces & Flails | |  0.5
Unarmed Combat | |  0.2

Action                     |  1- 3 |  4- 6 |  7- 9 | 10-12 | 13-15 || total
---------------------------+-------+-------+-------+-------+-------++-------
  Melee: Unarmed           |     6 |    12 |       |       |       ||    18
         Dagger            |    31 |    47 |    53 |   190 |    97 ||   418
         Whip              |    13 |       |       |       |       ||    13
         Long sword        |       |     6 |     9 |       |       ||    15
         Punch             |       |     1 |     1 |     4 |       ||     6
         Scimitar          |       |       |       |    68 |     7 ||    75
         War axe           |       |       |       |       |    10 ||    10
   Fire: Shortbow          |       |       |    14 |       |       ||    14
  Throw: Dart              |     2 |     4 |    13 |     5 |    33 ||    57
         Throwing net      |       |       |       |       |     1 ||     1
   Cast: Magic Dart        |    83 |    61 |    75 |   128 |    12 ||   359
         Searing Ray       |       |    10 |    42 |    68 |     2 ||   122
         Stone Arrow       |       |       |     2 |   151 |   201 ||   354
         Vampiric Draining |       |       |     2 |    39 |     4 ||    45
         Iskenderun's Myst |       |       |     1 |    26 |    31 ||    58
         Flame Wave        |       |       |       |       |     7 ||     7
 Invoke: Slouch            |       |       |       |       |     2 ||     2
Ability: Hop               |       |     1 |     2 |       |     1 ||     4
  Evoke: Lightning rod     |       |       |       |     4 |     4 ||     8
    Use: Potion            |       |     4 |     1 |       |       ||     5
         Scroll            |       |     1 |     5 |     8 |    15 ||    29
   Stab: Invisible         |       |     1 |     1 |       |       ||     2
 Armour: Robe              |     1 |       |       |       |       ||     1
         Ring mail         |    16 |    28 |    31 |     2 |       ||    77
         Chain mail        |       |       |       |   160 |    82 ||   242
         Acid dragon scale |       |       |       |    11 |       ||    11
         Skin              |       |       |       |     2 |       ||     2
         Plate armour      |       |       |       |       |    21 ||    21
  Dodge: Dodged            |    28 |    43 |    90 |   296 |   132 ||   589
  Block: Other             |       |    14 |    29 |    74 |       ||   117
         Reflection        |       |     1 |     2 |     5 |    19 ||    27
         Buckler           |       |       |       |    76 |   209 ||   285

Table legend: (Time is in decaauts)
 A = Elapsed time spent in this place.
 B = Non-inter-level travel time spent in this place.
 C = Inter-level travel time spent in this place.
 D = Time resting spent in this place.
 E = Time spent auto-exploring this place.
 F = Levels seen in this place.
 G = Mean time per level.
                   A        B        C        D        E       F      G
               +--------+--------+--------+--------+--------+-----+--------+
         Total |  36392 |  34386 |   2006 |   4195 |  25673 |  20 | 1819.6 |
       Dungeon |  21780 |  20439 |   1341 |   2107 |  15483 |  13 | 1675.4 |
        Temple |    107 |     70 |     37 |      0 |     54 |   1 |  107.0 |
          Lair |  12515 |  11888 |    627 |    542 |  10092 |   5 | 2503.0 |
      Ice Cave |   1989 |   1989 |      0 |   1546 |     43 |   1 | 1989.0 |
               +--------+--------+--------+--------+--------+-----+--------+

Top non-repeatable levels by time:
  Lair:5: 3122 daAuts
     D:9: 3052 daAuts
     D:7: 2876 daAuts
  Lair:2: 2503 daAuts
  Lair:3: 2466 daAuts
    D:12: 2385 daAuts
  Lair:1: 2318 daAuts
  Lair:4: 2104 daAuts
   IceCv: 1989 daAuts
    D:10: 1864 daAuts
     D:8: 1822 daAuts
     D:2: 1608 daAuts
     D:5: 1429 daAuts
     D:6: 1424 daAuts
     D:1: 1380 daAuts
